 Dungeon Crawl Stone Soup version 0.31.0-11-ge490571c62 (webtiles) character file.

Game seed: 2269126624655405269

39853 bearlyready the Metamorph (level 14, -5/116 HPs)
             Began as an Octopode Shapeshifter on Feb 7, 2024.
             Was an Initiate of Gozag.
             Slain by an eight-headed hydra (10 damage)
             ... on level 4 of the Lair of Beasts on Feb 8, 2024.
             The game lasted 00:30:53 (20956 turns).

bearlyready the Metamorph (Octopode Shapeshifter)  Turns: 20956, Time: 00:30:54

Health: -5/116     AC: 12    Str: 23    XL:     14   Next: 8%
Magic:  14/14      EV: 10    Int: 12    God:    Gozag
Gold:   3946       SH:  5    Dex: 12    Spells: 13/13 levels left

rFire   . .          .
                       - Unarmed
rCold   + . .        (shield currently unavailable)
rNeg    + . .        (helmet currently unavailable)
rPois   +            w - amulet of reflection
rElec   .            H - ring of poison resistance
rCorr   .            N - ring of protection from cold
SInv    .            Q - +4 ring of slaying
Will    ++...        j - ring of positive energy
Stlth   +            P - ring of willpower
HPRegen 0.39/turn    (no ring)
MPRegen 0.14/turn    (no ring)
                     (no ring)

%: reflection
@: snake-form
A: constrict, boosted hp, almost no armour, amphibious, 8 rings, large,
(camouflage 1), (gelatinous body 1), (nimble swimmer 1), (tentacles)
a: Begin Untransformation, Renounce Religion, Potion Petition, Call Merchant,
Bribe Branch


You were on level 4 of the Lair of Beasts.
You worshipped Gozag.
Gozag was most pleased with you.
You were an enormous serpent.
You visited 3 branches of the dungeon, and saw 21 of its levels.
You also visited: Ossuary.

You collected 4089 gold pieces.
You spent 72 gold pieces at shops.
You paid 71 gold pieces to Gozag.

Inventory:

Missiles
 e - 113 stones (quivered)
 k - 19 boomerangs
 n - 36 poisoned darts
 D - 7 javelins
 K - 3 curare-tipped darts
Armour
 L - a +0 kite shield
 V - a +0 buckler
Jewellery
 j - a ring of positive energy (on tentacle)
 w - an amulet of reflection (around neck)
 x - a ring of wizardry
 H - a ring of poison resistance (left tentacle)
 M - a ring of fire
 N - a ring of protection from cold (right tentacle)
 P - a ring of willpower (on tentacle)
 Q - a +4 ring of slaying (on tentacle)
 W - a ring of wizardry
Talismans
 b - a beast talisman
 c - a flux talisman
 I - a serpent talisman (active)
 O - a maw talisman
Wands
 p - a wand of charming (41)
 G - a wand of mindburst (8)
 J - a wand of flame (3)
 X - a wand of roots (4)
Scrolls
 d - 2 scrolls of fog
 h - a scroll of silence
 l - 4 scrolls of teleportation
 m - 3 scrolls of enchant armour
 o - 3 scrolls of noise
 q - 6 scrolls of amnesia
 s - 6 scrolls of immolation
 t - 6 scrolls of vulnerability
 y - 3 scrolls of enchant weapon
 B - a scroll of revelation
 C - 2 scrolls of poison
Potions
 a - 2 potions of lignification
 f - a potion of haste
 g - a potion of ambrosia
 i - a potion of heal wounds
 r - 2 potions of resistance
 u - 2 potions of mutation
 v - 8 potions of curing {unknown}
 z - 2 potions of might {unknown}
 A - 5 potions of degeneration {unknown}
 E - 4 potions of brilliance {unknown}
 F - 4 potions of attraction {unknown}
 S - a potion of cancellation {unknown}
 T - 3 potions of enlightenment {unknown}
 U - 2 potions of magic {unknown}


   Skills:
 - Level 9.0 Fighting
 - Level 2.0 Dodging
 + Level 14.4 Unarmed Combat
 - Level 4.0 Evocations
 + Level 15.7 Shapeshifting


You had 13 spell levels left.
You didn't know any spells.
Your spell library contained the following spells:

 Spells                   Type           Power      Damage    Failure   Level
 Apportation              Tloc           0%         N/A       32%         1
 Freeze                   Ice            0%         1d3       32%         1
 Sandblast                Erth           0%         2d4       32%         1
 Slow                     Hex            0%         N/A       32%         1
 Sting                    Conj/Alch      0%         1d3       32%         1
 Jinxbite                 Hex            0%         N/A       45%         2
 Mercury Vapours          Alch/Air       0%         N/A       45%         2
 Confusing Touch          Hex            0%         N/A       69%         3
 Dazzling Flash           Conj/Hex       0%         N/A       69%         3
 Frozen Ramparts          Ice            0%         1d1       69%         3
 Gell's Gravitas          Tloc           0%         N/A       69%         3
 Hailstorm                Conj/Ice       0%         3d5       69%         3
 Passwall                 Erth           0%         N/A       69%         3
 Sigil of Binding         Hex            0%         N/A       69%         3
 Stone Arrow              Conj/Erth      0%         3d7       69%         3
 Teleport Other           Tloc           0%         N/A       69%         3
 Tukima's Dance           Hex            0%         N/A       69%         3
 Vampiric Draining        Necr           0%         2d6       69%         3
 Volatile Blastmotes      Fire/Tloc      0%         2d10      69%         3
 Brom's Barrelling Bould  Conj/Erth      0%         2d3       97%         4
 Dimensional Bullseye     Hex/Tloc       0%         N/A       97%         4
 Iskenderun's Mystic Bla  Conj/Tloc      0%         2d3       97%         4
 Olgreb's Toxic Radiance  Alch           0%         N/A       97%         4
 Alistair's Intoxication  Alch           0%         N/A       100%        5
 Fireball                 Conj/Fire      0%         3d3       100%        5
 Iskenderun's Battlesphe  Conj           0%         2d6       100%        5
 Summon Forest            Summ/Tloc      0%         N/A       100%        5
 Conjure Ball Lightning   Conj/Air       0%         3x3d6     100%        6
 Dispersal                Tloc           0%         N/A       100%        6
 Eringya's Noxious Bog    Alch           0%         4d6       100%        6
 Starburst                Conj/Fire      0%         6d3       100%        6
 Orb of Destruction       Conj           0%         9d5       100%        7
 Summon Hydra             Summ           0%         N/A       100%        7
 Maxwell's Capacitive Co  Air            0%         ∞         100%        8


Dungeon Overview and Level Annotations

Branches:
Dungeon (15/15)            Temple (1/1) D:7            Lair (5/5) D:8
 Shoals (0/4) Lair:2       Spider (0/4) Lair:3          Orc (0/2) D:12
 Depths (0/4) D:15        Ossuary (visited)
  Slime: Lair:4-5    Vaults: D:13-14

Altars:
Ashenzari
Cheibriados
Dithmenos
Elyvilon
Fedhas
Gozag
Hepliaklqana
Kikubaaqudgha
Makhleb
Nemelex Xobeh
Okawaru
Qazlal
Ru
Sif Muna
Trog
Uskayaw
Vehumet
Wu Jian
Xom
Yredelemnul
Zin
The Shining One

Shops:
D:8 *

Annotations:
D:3 exclusion: oklob plant
D:4 2 transporters
D:10 3 runed translucent doors
Lair:3 1 runed translucent door, mrw3rdna's ghost, journeyman SpAl


Innate Abilities, Weirdness & Mutations

You are an enormous serpent.
You have a powerful constriction melee attack.
Your maximum health is increased.
Your armour is entirely melded.
You are incapable of wielding weapons or throwing items.
You cannot wear most types of armour.
You are amphibious.
You can wear up to eight rings at the same time.
((Your skin changes colour to match your surroundings (Stealth+).))
((Your rubbery body absorbs attacks. (AC +1, EV +1)))
((You are camouflaged when in or above water. (Stealth+)))
((You have tentacles for arms and can constrict up to eight enemies at once.))


Message History

The eight-headed hydra is moderately wounded.
The eight-headed hydra bites you!
You block the eight-headed hydra's attack.
The eight-headed hydra misses you.
The eight-headed hydra bites you but does no damage.
The eight-headed hydra barely misses you.
The eight-headed hydra bites you.
The eight-headed hydra completely misses you.
The eight-headed hydra bites you.
You lash the eight-headed hydra!
The eight-headed hydra is heavily wounded.
You barely miss the eight-headed hydra.
The eight-headed hydra is heavily wounded.
The eight-headed hydra bites you. x2
* * * LOW HITPOINT WARNING * * *
The eight-headed hydra bites you.
* * * LOW HITPOINT WARNING * * *
The eight-headed hydra bites you.
* * * LOW HITPOINT WARNING * * *
The eight-headed hydra bites you!
* * * LOW HITPOINT WARNING * * *
The eight-headed hydra closely misses you.
The eight-headed hydra bites you.
* * * LOW HITPOINT WARNING * * *
The eight-headed hydra barely misses you.
Okay, then.
You feel much better.
The eight-headed hydra barely misses you.
The eight-headed hydra misses you.
You block the eight-headed hydra's attack.
The eight-headed hydra barely misses you.
The eight-headed hydra bites you!
* * * LOW HITPOINT WARNING * * *
The eight-headed hydra bites you!
* * * LOW HITPOINT WARNING * * *
The eight-headed hydra bites you!
* * * LOW HITPOINT WARNING * * *
The eight-headed hydra bites you!
You die...
Your body crumbles into a pile of gold.

### ## # ####.####.#P##
##.^........... .# ##
#..............
...####.##......SD......
....#..........#........
...............#.#.##.#.
..............##.###
..........#...#..##
.........###......#
..........#......#.#
..........#....P....
...............#.P#P#


You could see an eight-headed hydra.

Vanquished Creatures
  An entropy weaver (shapeshifter) (D:9)
  A hydra (Lair:3)
  A catoblepas (Lair:2)
  2 centaur warriors (D:13)
  A boulder beetle (Lair:3)
  A two-headed ogre (D:13)
  Urug (Lair:3)
  2 skysharks (Lair:3)
  Pikel (D:7)
  2 deep elf pyromancers
  An ugly thing (D:12)
  A manticore (D:13)
  9 elephants
  2 cyclopes (D:12)
  A merfolk siren (Lair:2)
  6 black mambas
  5 cane toads
  A torpor snail (Lair:3)
  Jeremiah (D:7)
  4 kobold demonologists
  2 unseen horrors (D:11)
  4 komodo dragons
  3 merfolk (Lair:2)
  3 trolls
  A polar bear (Lair:5)
  8 blink frogs
  2 shadows
  A culicivora (shapeshifter) (D:14)
  Sigmund (D:5)
  12 slime creatures
  A wraith (D:11)
  39 yaks
  5 wyverns
  A warg (D:12)
  6 vampire mosquitoes
  4 steam dragons
  6 basilisks
  Menkaure (D:5)
  An acid dragon (D:13)
  5 orc warriors
  8 water moccasins
  3 black bears
  3 ogres
  9 centaurs
  9 wolves
  A lemure (D:7)
  7 bullfrogs
  6 kobold brigands
  4 scorpions
  5 wights (D:10)
  A troll zombie (Ossuary)
  12 killer bees
  A bombardier beetle (D:5)
  2 centaur zombies (Ossuary)
  2 sleepcaps
  11 orc priests
  5 hounds
  A jelly (D:6)
  A gnoll bouda (D:4)
  6 iguanas
  14 orc wizards
  2 ogre zombies (Ossuary)
  7 mummies (Ossuary)
  7 gnolls
  4 adders
  A white imp (D:6)
  5 adder zombies (Ossuary)
  A ribbon worm (D:4)
  38 orcs
  7 bats
  3 endoplasms
  3 giant cockroaches
  3 goblins
  8 hobgoblins
  2 quokkas
  5 ball pythons
  5 frilled lizards
  6 goblin zombies (Ossuary)
  3 hobgoblin zombies (Ossuary)
  17 kobolds
  5 kobold zombies (Ossuary)
  3 quokka zombies (Ossuary)
  3 rats
  3 rat zombies (Ossuary)
402 creatures vanquished.

Vanquished Creatures (collateral kills)
  An elephant (Lair:3)
1 creature vanquished.

Grand Total: 403 creatures vanquished

Notes
Turn   | Place    | Note
-------+----------+-------------------------------------------
     0 | D:1      | bearlyready the Octopode Shapeshifter began the quest for
                  | the Orb.
     0 | D:1      | Reached XP level 1. HP: 13/13 MP: 1/1
   220 | D:1      | Reached XP level 2. HP: 14/18 MP: 2/2
   829 | D:2      | Reached XP level 3. HP: 23/23 MP: 3/3
  1450 | D:3      | Found a burning altar of Makhleb.
  1453 | D:3      | Noticed a scorpion
  1460 | D:3      | Killed a scorpion
  1461 | D:3      | Reached skill level 4 in Shapeshifting
  1461 | D:3      | Reached XP level 4. HP: 22/28 MP: 4/4
  1461 | D:3      | Reached XP level 5. HP: 26/33 MP: 5/5
  1615 | D:3      | Found a blossoming altar of Fedhas.
  1629 | D:3      | Noticed an oklob plant
  2200 | D:4      | Found an ancient bone altar of Kikubaaqudgha.
  2406 | D:4      | Reached skill level 5 in Unarmed Combat
  2409 | D:4      | Reached XP level 6. HP: 19/38 MP: 6/6
  2557 | D:4      | Reached skill level 5 in Shapeshifting
  2763 | D:4      | Found a transporter.
  3039 | D:4      | Found a transporter.
  3304 | D:4      | Reached XP level 7. HP: 43/43 MP: 7/7
  3445 | D:5      | Entered Level 5 of the Dungeon
  3454 | D:5      | Found an opulent altar of Gozag.
  3699 | D:5      | Became a worshipper of Gozag Ym Sagoz the Greedy
  3827 | D:5      | Found a glowing golden altar of the Shining One.
  3827 | D:5      | Found a hide-covered altar of Uskayaw.
  3918 | D:5      | Noticed Menkaure
  3930 | D:5      | Killed Menkaure
  3931 | D:5      | Reached skill level 6 in Shapeshifting
  4054 | D:5      | Reached XP level 8. HP: 48/48 MP: 8/8
  4073 | D:5      | Noticed Sigmund
  4085 | D:5      | Killed Sigmund
  4489 | D:5      | Found a shimmering blue altar of Sif Muna.
  4616 | D:6      | Reached skill level 7 in Shapeshifting
  4968 | D:6      | Found a glowing silver altar of Zin.
  5048 | D:6      | Found a sand-covered staircase.
  5065 | Ossuary  | Entered an ossuary
  5424 | Ossuary  | Reached XP level 9. HP: 51/53 MP: 9/9
  5939 | D:6      | Reached skill level 8 in Shapeshifting
  6353 | D:7      | Found a staircase to the Ecumenical Temple.
  6378 | D:7      | Reached skill level 1 in Evocations
  6399 | Temple   | Entered the Ecumenical Temple
  6554 | D:7      | Noticed Pikel
  6582 | D:7      | Killed Pikel
  6774 | D:7      | Noticed Jeremiah
  6784 | D:7      | Killed Jeremiah
  7267 | D:7      | Found a sacrificial altar of Ru.
  7268 | D:7      | Found a snail-covered altar of Cheibriados.
  7517 | D:8      | Found Zutodos's General Store.
  7607 | D:8      | Bought a scroll of teleportation for 36 gold pieces
  7607 | D:8      | Bought a scroll of teleportation for 36 gold pieces
  7691 | D:8      | Reached skill level 9 in Shapeshifting
  7691 | D:8      | Reached XP level 10. HP: 33/64 MP: 10/10
  7944 | D:8      | Found a staircase to the Lair.
  7972 | D:8      | Reached skill level 10 in Shapeshifting
  8371 | D:8      | Found a radiant altar of Vehumet.
  8897 | D:9      | Reached skill level 11 in Shapeshifting
  8900 | D:9      | Reached skill level 5 in Fighting
  9573 | D:9      | Found a hazy altar of Hepliaklqana.
  9588 | D:9      | Noticed an entropy weaver
  9597 | D:9      | Killed an entropy weaver
  9598 | D:9      | Reached XP level 11. HP: 44/74 MP: 11/11
  9935 | D:10     | Entered Level 10 of the Dungeon
  9935 | D:10     | Found a runed translucent gate.
  9935 | D:10     | Found a runed translucent gate.
  9935 | D:10     | Found a runed translucent gate.
 10005 | D:10     | Noticed a glowing orange brain
 10005 | D:10     | Noticed a green ugly thing
 10006 | D:10     | Noticed a red ugly thing
 10006 | D:10     | Noticed a green ugly thing
 10006 | D:10     | Noticed a purple ugly thing
 10212 | D:10     | Reached skill level 12 in Shapeshifting
 11912 | D:10     | Found an iron altar of Okawaru.
 12081 | Lair:1   | Entered Level 1 of the Lair of Beasts
 12249 | Lair:1   | Reached skill level 10 in Unarmed Combat
 13257 | Lair:2   | Reached XP level 12. HP: 83/83 MP: 12/12
 13334 | Lair:2   | Noticed a catoblepas
 13352 | Lair:2   | Killed a catoblepas
 13854 | Lair:2   | Found a staircase to the Shoals.
 13865 | Lair:2   | Reached skill level 13 in Shapeshifting
 14565 | Lair:3   | Noticed Urug
 14579 | Lair:3   | Found a hole to the Spider Nest.
 14671 | Lair:3   | Noticed a boulder beetle
 14692 | Lair:3   | Killed Urug
 15249 | Lair:3   | Noticed a skyshark
 15256 | Lair:3   | Killed a skyshark
 15891 | Lair:3   | Reached skill level 14 in Shapeshifting
 15894 | Lair:3   | Reached XP level 13. HP: 90/90 MP: 13/13
 16419 | Lair:3   | Found a runed translucent door.
 16420 | Lair:3   | Noticed mrw3rdna's ghost (journeyman SpAl)
 17078 | D:10     | Found a bloodstained altar of Trog.
 17131 | D:10     | Found a white marble altar of Elyvilon.
 17135 | D:10     | Found a shadowy altar of Dithmenos.
 18052 | D:12     | Found a staircase to the Orcish Mines.
 18795 | D:13     | Found a shadowy altar of Dithmenos.
 18852 | D:13     | You fall into a shaft and drop 2 floors!
 18852 | D:15     | Entered Level 15 of the Dungeon
 18900 | D:15     | Reached skill level 15 in Shapeshifting
 20351 | Lair:5   | Entered Level 5 of the Lair of Beasts
 20521 | Lair:5   | Reached XP level 14. HP: 97/97 MP: 14/14
 20956 | Lair:4   | HP: 5/116 [eight-headed hydra (12)]
 20956 | Lair:4   | Slain by an eight-headed hydra

Illustrated notes

Levels and vault maps discovered:
D:1:      dpeg_arrival_stonehenge_8_columns, layout_basic
D:2:      minmay_alternating_diamond, layout_rooms, nrook_mini_vaults,
          nicolae_twisty_statue_hallways
D:3:      layout_basic, nicolae_overflow_crystal_walls, tgw_fedhas, hex_medium
D:4:      gammafunk_wand_slinger, layout_basic, mainiacjoe_overflow_24_doors
D:5:      layout_cave_pools, kennysheep_mini_moat, nicolae_gozag_seed_capital,
          grunt_temple_overflow_open, nicolae_elevator_lobby_asterisk,
          uniq_menkaure, uniq_sigmund
D:6:      nicolae_BIG_FREAKIN_CUBE, layout_basic,
          mainiacjoe_overflow_cross_hatched, enter_ossuary_1
D:7:      layout_basic, mainiacjoe_overflow_divided_tiny,
          minmay_temple_entry_grid, uniq_pikel, uniq_jeremiah
D:8:      layout_cave_pods, lemuel_doored_altar, minmay_lair_entry_grove,
          serial_shops, nicolae_shop_temple_entry_statues_fountains
D:9:      layout_rooms, nicolae_hepliaklqana_hazy_memory
D:10:     layout_cave_pools, trog_three_pillars_becter,
          hellmonk_okawaru_the_only_friend_you_need,
          mainiacjoe_overflow_big_doors,
          ploomutoo_gammafunk_ghost_potion_laboratory
D:11:     layout_cave_pods, eino_jars
D:12:     minmay_spotlight, layout_basic, erik_orc_3
D:13:     layout_roguey, hellmonk_vaults_attempted_burglary,
          portal_ice_cave_entry_animals_and_master, grunt_dithmenos_smoke
D:14:     layout_long_grid, corexii_corridor_pit, serial_shops,
          nicolae_shop_real_fake_doors, nicolae_shop_pleasant_corner_grove,
          kennysheep_little_box, nicolae_shop_drivethru, minivault_20,
          minmay_checkerbox
D:15:     grunt_enter_depths_magical_seal, layout_basic, hex_intersection
Temple:   hellmonk_temple_flake
Lair:1:   layout_regular_city
Lair:2:   layout_big_grid, elwin_shoals_entry_stream
Lair:3:   layout_chaotic_city, spider_nest_entry_web_field,
          gammafunk_ghost_grave, chequers_serial_rivers_micro_e,
          grunt_megastairs_4, uniq_urug
Lair:4:   layout_gridlike, slime_entry_1
Lair:5:   evilmike_catoblepas_cave, layout_big_grid

Skill      XL: |  1  2  3  4  5  6  7  8  9 10 11 12 13 |
---------------+----------------------------------------+-----
Unarmed Combat | 4 5 6 8 9 10 12 14 | 14.4
Shapeshifting  | 4 5 6 7 9 11 12 14 15 | 15.7
Evocations     | 4 |  4.0
Fighting       | 4 6 8 9 |  9.0
Dodging        | |  2.0

Action                     |  1- 3 |  4- 6 |  7- 9 | 10-12 | 13-15 || total
---------------------------+-------+-------+-------+-------+-------++-------
  Melee: Unarmed           |    63 |    57 |   223 |   409 |   318 ||  1070
         Constrict         |    21 |    15 |    47 |    93 |    54 ||   230
         Tentacles         |     9 |    13 |    50 |     6 |       ||    78
         Punch             |     1 |     7 |    22 |     2 |       ||    32
  Throw: Dart              |       |     4 |    11 |       |       ||    15
         Throwing net      |       |       |     1 |       |       ||     1
         Stone             |       |       |     3 |     3 |       ||     6
Ability: Begin Untransform |       |       |       |     1 |       ||     1
  Evoke: Wand              |       |       |       |    26 |    13 ||    39
    Use: Potion            |       |     1 |       |     3 |     5 ||     9
         Scroll            |       |       |     5 |     9 |    10 ||    24
   Stab: Sleeping          |    13 |     4 |    17 |       |       ||    34
         Distracted        |       |       |       |     3 |     1 ||     4
 Armour: Skin              |    20 |    33 |    97 |   349 |   265 ||   764
  Dodge: Dodged            |    36 |    30 |   116 |   179 |   148 ||   509
  Block: Other             |       |       |     9 |    76 |    44 ||   129
         Reflection        |       |       |       |     6 |     2 ||     8
   Form: Serpent           |       |       |       |     1 |     1 ||     2
         Maw               |       |       |       |       |     1 ||     1
